 Dungeon Crawl Stone Soup version 0.28-a0-1206-g193881aaa2 (webtiles) character file.

Game seed: 7604311309174021299

10411 bearlyready the Severer (level 11, -1/99 HPs)
             Began as a Hill Orc Berserker on Dec 20, 2021.
             Was an Elder of Trog.
             Killed from afar by an efreet (24 damage)
             ... with a fireball
             ... on level 10 of the Dungeon.
             The game lasted 00:13:41 (12884 turns).

bearlyready the Severer (Hill Orc Berserker)       Turns: 12884, Time: 00:13:42

Health: -1/99      AC: 15    Str: 31    XL:     11   Next: 61%
Magic:  11/11      EV: 11    Int:  7    God:    Trog [****..]
Gold:   698        SH:  0    Dex: 10    Spells: 10/10 levels left

rFire   . . .      SeeInvis +   i - +5 executioner's axe (venom)
rCold   . . .      Faith    +   (shield currently unavailable)
rNeg    + . .      Spirit   .   I - +3 scale mail {rN+}
rPois   .          Reflect  .   n - +1 helmet
rElec   .          Harm     .   b - scarf {+Inv}
rCorr   .          Rampage  .   E - +0 pair of gloves
Will    .....                   Q - +0 pair of boots
Stlth   ..........              x - amulet of faith
HPRegen 0.26/turn               a - +6 ring of strength
MPRegen 0.12/turn               q - ring of see invisible

@: about to teleport, on berserk cooldown, slowed, studying Evocations, very
slow
A: no striking features
a: Renounce Religion, Evoke Invisibility, Berserk, Trog's Hand, Brothers in Arms


You were on level 10 of the Dungeon.
You worshipped Trog.
Trog was greatly pleased with you.
You visited 1 branch of the dungeon, and saw 10 of its levels.
You also visited: Bailey.

You collected 698 gold pieces.

Inventory:

Hand Weapons
 i - a +5 executioner's axe of venom (weapon)
 K - a +3 hunting sling
 R - a +0 arbalest
 S - a +3 shortbow
Missiles
 d - 188 stones
 k - 101 bolts
 p - 202 arrows
 B - 50 boomerangs
 C - 71 poisoned darts
 G - 7 javelins
 H - 32 sling bullets
 N - 3 throwing nets (quivered)
 W - 5 curare-tipped darts
Armour
 b - a scarf of invisibility (worn)
 n - a +1 helmet (worn)
 E - a +0 pair of gloves (worn)
 I - a +3 scale mail of positive energy (worn)
 Q - a +0 pair of boots (worn)
Jewellery
 a - a +6 ring of strength (left hand)
 m - a ring of protection from fire
 q - a ring of see invisible (right hand)
 x - an amulet of faith (around neck)
 V - a ring of positive energy
Wands
 o - a wand of flame (8)
 z - a wand of iceblast (2)
 X - a wand of paralysis (5)
Scrolls
 e - 2 scrolls of brand weapon
 f - 4 scrolls of enchant weapon {unknown}
 g - 3 scrolls of enchant armour
 s - a scroll of silence {unknown}
 t - a scroll of amnesia {unknown}
 u - 7 scrolls of teleportation
 F - a scroll of blinking {unknown}
 M - 2 scrolls of fog {unknown}
 O - a scroll of immolation {unknown}
 U - 2 scrolls of magic mapping
Potions
 c - 2 potions of curing
 j - 4 potions of attraction
 l - 4 potions of might
 r - a potion of haste {unknown}
 v - a potion of invisibility {unknown}
 w - 2 potions of degeneration {unknown}
 y - a potion of experience
 A - 2 potions of flight
 D - 4 potions of mutation
 L - a potion of berserk rage {unknown}
 P - a potion of magic {unknown}
 Y - a potion of heal wounds {unknown}
 Z - a potion of resistance


   Skills:
 + Level 9.7 Fighting
 + Level 16.8 Axes
 + Level 7.1 Armour
 + Level 2.5 Dodging
 + Level 7.9 Evocations


You had 10 spell levels left.
You didn't know any spells.
Your spell library was empty.

Dungeon Overview and Level Annotations

Branches:
Dungeon (10/15)            Temple (0/1) D:4             Orc (0/2) D:9
 Bailey (visited)
   Lair: D:8-11

Altars:
Ashenzari
Cheibriados
Elyvilon
Kikubaaqudgha
Makhleb
Nemelex Xobeh
Okawaru
Qazlal
Ru
Sif Muna
Trog
Wu Jian

Shops:
D:6 (   D:8 (   D:9 (   D:10 *

Portals:
Abyss: D:6

Annotations:
D:6 2 transporters, spaghetti's ghost, weakling DjDe
D:9 1 runed translucent door, ytrimaz's ghost, journeyman FoFi


Message History

The tengu warrior hits you but does no damage.
The tengu warrior hits you with a +0 bardiche.
The tengu warrior pecks you. The tengu warrior claws you.
Things that are here:
a +0 great sword; a +0 chain mail; a human corpse You slice the tengu warrior!!
The tengu warrior looks as sick as possible!
The tengu warrior is heavily wounded.
The tengu warrior hits you from afar with a +0 halberd.
You hit the tengu warrior but do no damage.
The tengu warrior is heavily wounded.
The tengu warrior hits you with a +0 bardiche!
* * * LOW HITPOINT WARNING * * *
The tengu warrior pecks you but does no damage.
The tengu warrior claws you but does no damage.
The tengu warrior hits you from afar with a +0 halberd.
* * * LOW HITPOINT WARNING * * *
You closely miss the tengu warrior.
The tengu warrior is heavily wounded.
You are no longer berserk.
You are exhausted.
You feel yourself slow down.
The tengu warrior hits you with a +0 bardiche.
* * * LOW HITPOINT WARNING * * *
The tengu warrior pecks you but does no damage.
The tengu warrior claws you but does no damage.
As you read the scroll of fear, it crumbles to dust.
You assume a fearsome visage.
The centaur warrior looks frightened!
The tengu warrior looks frightened! x2; The efreet looks frightened!
Cornered, the efreet turns to fight!
As you read the scroll of teleportation, it crumbles to dust.
You feel strangely unstable.
The tengu warrior tries to recover its lost courage.
The efreet gestures at you.
The fireball explodes!
The fireball engulfs you but does no damage.
A deep elf pyromancer comes into view.
It is wielding a +0 short sword and wearing the ring of Xom's Capriciousness {rPois rCorr Str+10 Int-5 Dex-3}.
The efreet gestures at you.
The fireball explodes!
The fireball engulfs you!!
You die...

.................................
..[[[.................##+###.....
...[####..............#,,,,#.####
....#,*###............#,,,,#.#,,,
....#,*,*###..........#,,,,#.+,,,
....#*,*,*,###........######.#,,,
....#,*,*,#.#####............#,,,
....#,****#.○R).###..........####
....#,*,*,#e####@.###.......)....
....#*,*,*○*###..##.###..........
....#,*,**###..#.#.=..###........
....#,**###....#.#......###......
....#*###....###....##..)........
....###...#....#.#......###......
....#..........#.#..).####.......
..).###.##..##.#.##.###**,#......
......###...##.#..### **,*#......


You could see an efreet.

Vanquished Creatures
  An orc warlord (Bailey)
  Harold (D:9)
  A death knight (D:10)
  Urug (D:10)
  An ugly thing (D:10)
  Maurice (D:10)
  2 trolls
  Prince Ribbit (D:6)
  4 yaks
  Sigmund (D:4)
  A wyvern (D:10)
  Grum (D:9)
  Edmund (D:5)
  An acid dragon (D:10)
  A water moccasin (D:6)
  6 orc warriors
  5 black bears
  A sky beast (D:8)
  5 ogres
  5 centaurs
  3 wolves (D:9)
  2 kobold brigands
  2 bullfrogs
  A gnoll sergeant (D:8)
  3 scorpions
  A water moccasin skeleton (D:5)
  9 wights
  6 howler monkeys
  4 centaur zombies
  A centaur skeleton (D:7)
  4 orc priests
  A bullfrog skeleton (D:5)
  Jessica (D:2)
  4 iguanas
  7 orc wizards
  Robin (D:2)
  4 adders
  9 gnolls
  A white imp (D:7)
  An adder skeleton (D:4)
  5 dart slugs
  34 orcs
  10 ball pythons
  11 bats
  12 endoplasms
  3 giant cockroaches
  21 goblins
  10 hobgoblins
  26 kobolds
  6 quokkas
  8 frilled lizards
  9 rats
261 creatures vanquished.

Vanquished Creatures (collateral kills)
  Sonja (D:10)
  An orc warrior (Bailey)
  An orc (Bailey)
3 creatures vanquished.

Vanquished Creatures (others)
  A wizard (D:10)
  6 plants
7 creatures vanquished.

Grand Total: 271 creatures vanquished

Notes
Turn   | Place    | Note
-------+----------+-------------------------------------------
     0 | D:1      | bearlyready the Hill Orc Berserker began the quest for the
                  | Orb.
     0 | D:1      | Reached XP level 1. HP: 19/19 MP: 1/1
   299 | D:1      | Found a faded altar of an unknown god.
   524 | D:1      | Reached XP level 2. HP: 26/26 MP: 2/2
   742 | D:1      | Reached skill level 5 in Axes
  1021 | D:1      | Reached ** piety under Trog
  1022 | D:1      | Reached XP level 3. HP: 31/31 MP: 3/3
  1969 | D:2      | Reached skill level 6 in Axes
  2060 | D:2      | Noticed Robin
  2071 | D:2      | Killed Robin
  2072 | D:2      | Reached XP level 4. HP: 39/39 MP: 4/4
  2297 | D:2      | Found a broken altar of Ashenzari.
  2860 | D:2      | Noticed Jessica
  2870 | D:2      | Killed Jessica
  2871 | D:2      | Reached skill level 7 in Axes
  2871 | D:2      | Reached XP level 5. HP: 39/45 MP: 5/5
  3423 | D:3      | Noticed a black bear
  3441 | D:3      | Killed a black bear
  3442 | D:3      | Reached skill level 8 in Axes
  3442 | D:3      | Reached XP level 6. HP: 39/51 MP: 6/6
  3774 | D:3      | Reached *** piety under Trog
  4071 | D:4      | Found a staircase to the Ecumenical Temple.
  4138 | D:4      | Noticed a black bear
  4148 | D:4      | Killed a black bear
  4149 | D:4      | Reached skill level 9 in Axes
  4224 | D:4      | Noticed Sigmund
  4227 | D:4      | Found a stormy altar of Qazlal.
  4238 | D:4      | Killed Sigmund
  4239 | D:4      | Reached skill level 10 in Axes
  4239 | D:4      | Reached XP level 7. HP: 37/57 MP: 7/7
  4761 | D:4      | Found a snail-covered altar of Cheibriados.
  4979 | D:5      | Entered Level 5 of the Dungeon
  4993 | D:5      | Reached skill level 11 in Axes
  5421 | D:5      | Reached skill level 12 in Axes
  5421 | D:5      | Reached XP level 8. HP: 52/64 MP: 8/8
  5901 | D:5      | Reached skill level 13 in Axes
  5969 | D:5      | Found a sparkling altar of Nemelex Xobeh.
  5970 | D:5      | Found an ornate altar of the Wu Jian Council.
  6282 | D:5      | Reached skill level 14 in Axes
  6534 | D:5      | Noticed Edmund
  6553 | D:5      | Killed Edmund
  6554 | D:5      | Reached skill level 1 in Evocations
  6938 | D:5      | Reached XP level 9. HP: 71/71 MP: 9/9
  7227 | D:6      | Found a shimmering blue altar of Sif Muna.
  7275 | D:6      | Noticed Prince Ribbit
  7276 | D:6      | Found a one-way gate to the infinite horrors of the Abyss.
  7276 | D:6      | Noticed spaghetti's ghost (weakling DjDe)
  7285 | D:6      | Killed Prince Ribbit
  7286 | D:6      | Reached skill level 5 in Fighting
  7355 | D:6      | Found a transporter.
  7358 | D:6      | Noticed a toenail golem
  7420 | D:6      | Found Nypiugg's Weapon Boutique.
  7581 | D:6      | Noticed an ancient zyme
  7601 | D:6      | Reached **** piety under Trog
  7726 | D:6      | Found a transporter.
  8480 | D:7      | Reached skill level 15 in Axes
  9073 | D:8      | Found an iron altar of Okawaru.
  9093 | D:8      | Found a white marble altar of Elyvilon.
  9150 | D:8      | Reached XP level 10. HP: 84/84 MP: 10/10
  9378 | D:8      | Found Uqogetyo's Hydra Hut.
  9379 | D:8      | Noticed a seven-headed hydra
  9652 | D:9      | Found a runed translucent door.
  9655 | D:9      | Noticed ytrimaz's ghost (journeyman FoFi)
  9655 | D:9      | Identified the +8 trident of the Pyrrhic Victory {flame,
                  | rC+}
  9767 | D:9      | Found a staircase to the Orcish Mines.
  9776 | D:9      | Found a burning altar of Makhleb.
  9776 | D:9      | Noticed an Executioner
  9776 | D:9      | Noticed Grum
  9779 | D:9      | Reached ***** piety under Trog
  9780 | D:9      | Reached skill level 5 in Evocations
  9794 | D:9      | Killed Grum
 10441 | D:9      | Found a sacrificial altar of Ru.
 10624 | D:9      | Noticed Harold
 10666 | D:9      | Killed Harold
 10667 | D:9      | Reached skill level 16 in Axes
 10667 | D:9      | Reached skill level 5 in Armour
 10921 | D:9      | Found Apniad's Weapon Shoppe.
 11139 | D:10     | Entered Level 10 of the Dungeon
 11139 | D:10     | Noticed Urug
 11152 | D:10     | Killed Urug
 11168 | D:10     | Found an ancient bone altar of Kikubaaqudgha.
 11174 | D:10     | Noticed Sonja
 11403 | D:10     | Killed Sonja
 11404 | D:10     | Reached XP level 11. HP: 41/95 MP: 11/11
 11439 | D:10     | Found Set Dab's Assorted Antiques.
 11502 | D:10     | Found a flagged portal.
 11558 | Bailey   | Entered a bailey
 11574 | Bailey   | Noticed an orc warlord
 11723 | Bailey   | Found a runed translucent gate.
 11723 | Bailey   | Found a runed translucent gate.
 11723 | Bailey   | Found a runed translucent gate.
 11898 | Bailey   | Killed an orc warlord
 12014 | Bailey   | Acquired a manual of Evocations
 12016 | Bailey   | Acquired a +5 executioner's axe of venom
 12294 | D:10     | Noticed Maurice
 12308 | D:10     | Killed Maurice
 12625 | D:10     | Found a bloodstained altar of Trog.
 12628 | D:10     | Noticed a wizard
 12634 | D:10     | Killed a wizard
 12864 | D:10     | Noticed a brown ugly thing
 12864 | D:10     | Noticed a tengu warrior
 12865 | D:10     | Noticed a death knight
 12867 | D:10     | Identified the ring "Xosalar" {rElec rF+ rC+ Int+3}
 12867 | D:10     | Noticed a tengu warrior
 12869 | D:10     | Identified the ring "Fucvaunn" {Will+ rCorr SInv}
 12869 | D:10     | Noticed a centaur warrior
 12869 | D:10     | Identified the amulet of Wona {Spirit Harm Int+2}
 12871 | D:10     | Killed a brown ugly thing
 12876 | D:10     | Killed a death knight
 12883 | D:10     | Identified the ring of Xom's Capriciousness {rPois rCorr
                  | Str+10 Int-5 Dex-3}
 12883 | D:10     | Noticed a deep elf pyromancer
 12884 | D:10     | Killed from afar by an efreet

Illustrated notes

Levels and vault maps discovered:
D:1:      dpeg_arrival_windows_large_door, layout_basic,
          hellmonk_ecumenical_altar_pennies_from_heaven, minmay_misc_feat_room
D:2:      layout_loops_corners, basic_altar, kennysheep_pointless_box,
          nicolae_concentric_dashed_squares_wild, uniq_robin, uniq_jessica
D:3:      layout_basic
D:4:      layout_basic, mainiacjoe_overflow_boulevard, lemuel_crystal_altar,
          minmay_temple_entry_statues_fountains, minmay_fractal_squares_5,
          uniq_sigmund
D:5:      layout_loops_cross, mainiacjoe_overflow_catwalk_spiral, uniq_edmund
D:6:      layout_gridville, led_sif_pool, serial_shops,
          nicolae_shop_hallway_plus, gammafunk_ghost_abyssal_escape,
          sigmund_army, uniq_prince_ribbit1
D:7:      layout_loops_ring
D:8:      layout_cave_pools, okawaru_trees_1, nicolae_overflow_crystal_walls,
          doesnt_shop_hydraphobe
D:9:      layout_long_grid, makhleb_altar_promises_db,
          nicolae_ru_the_path_less_chosen, orc_0_dummy,
          ebering_ghost_funeral_grove, serial_shops, shop_coins, uniq_grum,
          uniq_harold
D:10:     minmay_the_grid_triangle_9x9_rhombus_thin
          [minmay_the_grid_triangle_9x9_swiss_cheese,
          minmay_the_grid_triangle_9x9_prize_special,
          minmay_the_grid_triangle_9x9_minimal,
          minmay_the_grid_triangle_9x9_dagger], layout_irregular_city,
          trog_wizard, mainiacjoe_overflow_concentric_impassable, serial_shops,
          nicolae_square_shop, lightli_bailey_entry_fortress, uniq_urug,
          uniq_maurice, uniq_sonja

Skill      XL: |  1  2  3  4  5  6  7  8  9 10 11 |
---------------+----------------------------------+-----
Axes           | 5 6 7 8 10 12 14 15 16 | 16.8
Fighting       | 4 6 8 9 |  9.7
Evocations     | 1 4 6 7 |  7.9
Armour         | 3 6 7 |  7.1
Dodging        | 2 |  2.5

Action                   |  1- 3 |  4- 6 |  7- 9 | 10-12 || total
-------------------------+-------+-------+-------+-------++-------
Melee: Hand axe          |   109 |   144 |    96 |       ||   349
       War axe           |       |       |   223 |    27 ||   250
       Battleaxe         |       |       |       |   144 ||   144
       Executioner's axe |       |       |       |    55 ||    55
Throw: Dart              |       |       |     6 |       ||     6
       Throwing net      |       |       |     1 |     3 ||     4
       Stone             |       |       |     1 |       ||     1
Invok: Berserk           |     2 |     4 |     5 |     7 ||    18
       Brothers in Arms  |       |       |       |     4 ||     4
       Trog's Hand       |       |       |       |     2 ||     2
Evoke: Wand              |       |       |       |     1 ||     1
  Use: Scroll            |       |       |       |    15 ||    15
       Potion            |       |       |       |     1 ||     1
 Stab: Sleeping          |     1 |       |       |       ||     1
       Held in net/web   |       |       |     1 |     2 ||     3
Armor: Animal skin       |    28 |     6 |       |       ||    34
       Leather armour    |       |    37 |       |       ||    37
       Ring mail         |       |     8 |    33 |       ||    41
       Scale mail        |       |       |    62 |   114 ||   176
Dodge: Dodged            |    67 |    73 |   155 |   138 ||   433

Table legend: (Time is in decaauts)
 A = Elapsed time spent in this place.
 B = Non-inter-level travel time spent in this place.
 C = Inter-level travel time spent in this place.
 D = Time resting spent in this place.
 E = Time spent auto-exploring this place.
 F = Levels seen in this place.
 G = Mean time per level.
                   A        B        C        D        E       F      G
               +--------+--------+--------+--------+--------+-----+--------+
         Total |  12980 |  12618 |    362 |   1082 |   9585 |  11 | 1180.0 |
       Dungeon |  12498 |  12136 |    362 |   1070 |   9309 |  10 | 1249.8 |
        Bailey |    481 |    481 |      0 |     12 |    276 |   1 |  481.0 |
               +--------+--------+--------+--------+--------+-----+--------+

Top non-repeatable levels by time:
     D:1: 1808 daAuts
     D:9: 1566 daAuts
     D:5: 1518 daAuts
     D:4: 1468 daAuts
     D:2: 1463 daAuts
    D:10: 1314 daAuts
     D:6: 977 daAuts
     D:8: 830 daAuts
     D:7: 776 daAuts
     D:3: 774 daAuts
  Bailey: 481 daAuts
